AoeStats
← WarioTime™

Arena

505737100Analyzed
2v2 RM · 20d ago on Sep 10, 2026· 59m 27s· 4 players
Game mode
Random Map
Map size
Medium (4 player)
Population
200
Speed
Normal
Resources
Standard
Victory
Conquest
Starting age
Dark Age
Ending age
Imperial Age
RankedLock teamsTeams togetherTeam positionsShared explorationLock speedFull tech treeHidden civsTurbo modeCheats
Victory
Defeat
🇫🇷 Jurchens · France
776
+14
🇫🇷 Persians · France
771
+14
🇩🇪 Franks · Germany
723
-14
🇩🇪 Aztecs · Germany
723
-14
WarioTime™
16:02 Feudal Age
22:16 Castle Age
28:06 Forging
27:56 Scale Mail Armor
32:23 Iron Casting
32:03 Chain Mail Armor
33:25 Eagle Warrior
35:57 Squires
35:23 Eagle Warrior
49:37 Fervor
BigMaster62
7:46 Loom
10:18 Feudal Age
15:35 Double-Bit Axe
18:36 Stone Mining
18:37 Gold Mining
20:46 Gold Mining
20:48 Stone Mining
24:15 Castle Age
22:42 Stone Mining
23:14 Scale Barding Armor
23:47 Forging
24:05 Scale Mail Armor
24:52 Padded Archer Armor
24:43 Fletching
25:50 Chain Barding Armor
25:56 Chain Barding Armor
25:58 Bow Saw
26:29 Husbandry
30:15 Gold Shaft Mining
31:17 Iron Casting
34:31 Wheelbarrow
34:50 Squires
34:40 Arson
35:35 Hand Cart
38:00 Imperial Age
36:40 Hand Cart
37:34 Leather Archer Armor
37:36 Chain Mail Armor
37:38 Leather Archer Armor
37:13 Fletching
38:09 Cavalier
39:27 Plate Barding Armor
39:52 Blast Furnace
38:15 Elite Throwing Axeman
39:16 Conscription
39:32 Chivalry
39:33 Paladin
54:34 Chemistry
54:41 Ballistics
Niko
0:29 Loom
10:19 Feudal Age
11:11 Double-Bit Axe
14:05 Gold Mining
14:21 Horse Collar
14:49 Stone Mining
16:03 Wheelbarrow
23:35 Castle Age
23:42 Elite Skirmisher
24:55 Heavy Plow
25:09 Bow Saw
25:19 Hand Cart
25:51 Scale Mail Armor
26:02 Forging
25:43 Fletching
25:53 Padded Archer Armor
33:37 Imperial Age
32:20 Squires
35:33 Chemistry
36:01 Husbandry
36:12 Bloodlines
35:32 Pikeman
41:30 Halberdier
43:32 Iron Casting
43:12 Chain Mail Armor
43:04 Scale Barding Armor
44:45 Conscription
44:30 Fortified Bastions
44:43 Thunderclap Bombs
44:45 Elite Fire Lancer
47:53 Crop Rotation
48:49 Light Cavalry
50:46 Two-Man Saw
50:43 Crossbowman
55:13 Bodkin Arrow
55:34 Leather Archer Armor
THYMA
0:46 Loom
10:57 Feudal Age
11:37 Double-Bit Axe
11:34 Horse Collar
17:34 Wheelbarrow
21:35 Castle Age
19:51 Stone Mining
21:54 Gold Mining
22:10 Heavy Plow
22:25 Bow Saw
22:56 Stone Shaft Mining
24:25 Hand Cart
25:22 Gold Shaft Mining
29:23 Forging
29:13 Scale Mail Armor
29:19 Scale Barding Armor
29:14 Padded Archer Armor
29:04 Fletching
35:26 Imperial Age
33:35 Iron Casting
34:06 Kamandaran
35:06 Leather Archer Armor
34:48 Bodkin Arrow
36:39 Ring Archer Armor
37:13 Chemistry
36:55 Ballistics
36:55 Town Watch
38:18 Blast Furnace
37:32 Thumb Ring
38:54 Town Patrol
38:16 Crossbowman
39:41 Chain Barding Armor
41:34 Citadels
41:23 Murder Holes
41:38 Masonry
41:30 Heavy Camel Rider
42:11 Husbandry
42:21 Bloodlines
42:59 Plate Barding Armor
45:49 Capped Ram
47:05 Architecture
46:58 Siege Ram
47:09 Pikeman
48:20 Squires
50:28 Two-Man Saw
53:09 Elite War Elephant
Connection lost

Rejoining the realm…

Still unreachable

The connection could not be restored.

Session expired

The server has moved on; the page needs a fresh start.